 Dungeon Crawl Stone Soup version 0.29.1-2-gbd0b4ee654 (webtiles) character file.

Game seed: 6648968686503671171

187 leafyfresh the Ducker (level 5, -4/35 HPs)
             Began as a Djinni Ice Elementalist on Nov 22, 2022.
             Slain by Sigmund
             ... wielding a +0 scythe
              (9 damage)
             ... on level 3 of the Dungeon.
             The game lasted 00:09:41 (3905 turns).

leafyfresh the Ducker (Djinni Ice Elementalist)     Turns: 3905, Time: 00:09:42

Health: -4/35      AC:  8    Str:  7    XL:     5   Next: 99%
Gold:   118        EV: 13    Int: 18    God:
                   SH:  0    Dex: 14

rFire   + + .      SeeInvis .   q - +4 trident (venom)
rCold   x . .      Faith    .   (no shield)
rNeg    . . .      Spirit   .   a - +0 robe
rPois   ∞          Reflect  .   (no helmet)
rElec   .          Harm     .   (no cloak)
rCorr   .          Rampage  .   (no gloves)
Will    .....                   (boots unavailable)
Stlth   ++........              (no amulet)
HPRegen 0.11/turn               (no ring)
MPRegen 0.00/turn               (no ring)

@: ice-armoured, flying, very slightly contaminated
A: sickness immunity, fire resistance 2, cold vulnerability 1, float, innate
caster, HP casting, extra vitality 1
a: no special abilities


You were on level 3 of the Dungeon.
You visited 1 branch of the dungeon, and saw 3 of its levels.

You collected 118 gold pieces.

Inventory:

Hand Weapons
 c - a +0 club
 q - a +4 trident of venom (weapon)
Armour
 a - a +0 robe (worn)
 s - a +0 ring mail of willpower
Wands
 j - a wand of polymorph (7)
Scrolls
 d - a scroll of fog {unknown}
 f - 3 scrolls of teleportation {unknown}
 g - a scroll of summoning {unknown}
 h - a scroll of poison {unknown}
 k - a scroll of silence {unknown}
 l - 2 scrolls of identify {unknown}
 m - 2 scrolls of amnesia {unknown}
 o - a scroll of fear {unknown}
Potions
 b - 2 potions of curing {unknown}
 e - a potion of haste {unknown}
 i - a potion of might {unknown}
 n - 2 potions of lignification {unknown}
 p - a potion of brilliance {unknown}
 r - 2 potions of degeneration {unknown}


   Skills:
 + Level 4.6 Dodging
 - Level 1.5 Stealth
 + Level 4.3 Spellcasting


You couldn't memorise any spells.
You knew the following spells:

 Your Spells              Type           Power      Damage    Failure   Level
a - Freeze                Ice            76%        1d9       2%          1
b - Frozen Ramparts       Ice            38%        1d6       7%          3
c - Ozocubu's Armour      Ice            19%        N/A       7%          3
d - Hailstorm             Conj/Ice       19%        3d6       24%         4
e - Sandblast             Erth           38%        2d10      2%          1
f - Blink                 Tloc           38%        N/A       3%          2
Your spell library was empty.

Dungeon Overview and Level Annotations

Branches:
Dungeon (3/15)

Altars:

Annotations:
D:3 Sigmund


Innate Abilities, Weirdness & Mutations

You are immune to sickness and miasma.
You are immune to poison.
Your flesh is very heat resistant. (rF++)
You are vulnerable to cold. (rC-)
You float through the air rather than walking.
You learn spells naturally, not from books.
Your magical power is your life essence.
You have superior vitality. (+4 MHP)


Message History

Confirm with . or Enter, or press ? or * to list all spells.
Okay, then.
Casting: Frozen Ramparts (dangerous; 7% risk of failure)
Confirm with . or Enter, or press ? or * to list all spells.
Aiming: Sandblast (safe; 2% risk of failure)
Press: ? - help, Shift-Dir - straight line, f/p - Sigmund
Aim: Sigmund, wielding a +0 scythe and wearing a +1 robe of willpower (80% to hit)
The blast of sand hits Sigmund.
Sigmund is lightly wounded.
The wall freezes Sigmund.
Sigmund hits you but does no damage.
Casting: Sandblast (safe; 2% risk of failure)
Confirm with . or Enter, or press ? or * to list all spells.
Aiming: Sandblast (safe; 2% risk of failure)
Press: ? - help, Shift-Dir - straight line, f/p - Sigmund
Aim: Sigmund, wielding a +0 scythe and wearing a +1 robe of willpower (moderately wounded, 80% to hit)
The blast of sand hits Sigmund.
Sigmund is moderately wounded.
The wall freezes Sigmund.
Sigmund hits you from afar with a +0 scythe.
Casting: Sandblast (safe; 2% risk of failure)
Confirm with . or Enter, or press ? or * to list all spells.
Aiming: Sandblast (safe; 2% risk of failure)
Press: ? - help, Shift-Dir - straight line, f/p - Sigmund
Aim: Sigmund, wielding a +0 scythe and wearing a +1 robe of willpower (heavily wounded, 80% to hit)
You miscast Sandblast.
You are very lightly contaminated with residual magic.
Nothing appears to happen.
The wall freezes Sigmund.
Sigmund hits you from afar with a +0 scythe!
* * * LOW HITPOINT WARNING * * *
Casting: Sandblast (safe; 2% risk of failure)
Confirm with . or Enter, or press ? or * to list all spells.
Aiming: Sandblast (safe; 2% risk of failure)
Press: ? - help, Shift-Dir - straight line, f/p - Sigmund
Aim: Sigmund, wielding a +0 scythe and wearing a +1 robe of willpower (severely wounded, 80% to hit)
The blast of sand hits Sigmund.
Sigmund is almost dead.
* * * LOW HITPOINT WARNING * * *
The frozen ramparts melt away.
Sigmund hits you from afar with a +0 scythe!
You die...

####### ##.##..######.#
####.. #...#####.#
#....###...#......
#.................
#.........^#....<.
#....###.......... ###..#
#####...... #########..##
#####......
#.......@†#####..........
#####
#.#######.......###>.....
#...#####....#...@#######
#...... .....##........####
####### ......#.#..@.###
......#.#....###
......#.#......# ###########
.....)..#..>.#.####.........#
............................#


You could see Sigmund.

Vanquished Creatures
  Ijyb (D:3)
  Terence (D:3)
  Natasha (D:3)
  8 adders
  A dart slug (D:1)
  5 ball pythons
  4 bats
  2 endoplasms
  A giant cockroach (D:2)
  4 goblins
  3 hobgoblins
  3 quokkas
  3 frilled lizards (D:1)
  2 kobolds
  2 rats
41 creatures vanquished.

Notes
Turn   | Place    | Note
-------+----------+-------------------------------------------
     0 | D:1      | leafyfresh the Djinni Ice Elementalist began the quest for
                  | the Orb.
     0 | D:1      | leafyfresh set off with the following spells memorised:
                  | Freeze, Frozen Ramparts, Ozocubu's Armour, Hailstorm.
     0 | D:1      | Reached XP level 1. HP: 15/15 MP: 0/0
   311 | D:1      | Reached XP level 2. HP: 17/21 MP: 0/0
   948 | D:1      | HP: 1/21 [dart slug/slug dart (4)]
  1420 | D:1      | Reached XP level 3. HP: 23/25 MP: 0/0
  1420 | D:1      | Learned a level 1 spell: Sandblast
  2348 | D:2      | Reached XP level 4. HP: 19/31 MP: 0/0
  2929 | D:3      | Noticed Sigmund
  3087 | D:3      | Reached XP level 5. HP: 28/35 MP: 0/0
  3087 | D:3      | Learned a level 2 spell: Blink
  3451 | D:3      | Noticed Terence
  3466 | D:3      | Noticed Ijyb
  3469 | D:3      | Killed Terence
  3495 | D:3      | Killed Ijyb
  3780 | D:3      | Found a faded altar of an unknown god.
  3864 | D:3      | Noticed Natasha
  3868 | D:3      | Killed Natasha
  3905 | D:3      | Slain by Sigmund

Illustrated notes

Levels and vault maps discovered:
D:1:      dpeg_arrival_solitude, layout_basic, minmay_pentomino_r4
D:2:      layout_basic
D:3:      layout_rooms, shapermc_ecumenical_altar_starsandcircs, uniq_natasha,
          uniq_ijyb, uniq_terence, uniq_sigmund

Skill      XL: |  1  2  3  4 |
---------------+-------------+-----
Dodging        | 3 4 |  4.6
Spellcasting   | 4 |  4.3
Stealth        | |  1.5

Action                   |  1- 3 |  4- 6 || total
-------------------------+-------+-------++-------
Melee: Club              |    22 |    24 ||    46
       Unarmed           |     1 |    20 ||    21
       Punch             |       |     1 ||     1
       Trident           |       |    12 ||    12
 Cast: Freeze            |    41 |     5 ||    46
       Frozen Ramparts   |       |    11 ||    11
       Ozocubu's Armour  |       |     3 ||     3
       Sandblast         |       |     3 ||     3
       Hailstorm         |       |     1 ||     1
  Use: Potion            |     1 |     1 ||     2
 Stab: Sleeping          |       |     1 ||     1
Armor: Robe              |     8 |     4 ||    12
       Skin              |       |     6 ||     6
Dodge: Dodged            |    48 |    42 ||    90
